 Dungeon Crawl Stone Soup version 0.17-a0-1037-gbf358b4 (webtiles) character file.

9102 hornqvist the Cleaver (level 11, 0/89 HPs)
             Began as a Formicid Fighter on May 14, 2015.
             Was an Initiate of Gozag.
             Succumbed to Harold's poison
             ... on level 10 of the Dungeon.
             The game lasted 00:09:17 (8987 turns).

hornqvist the Cleaver (Formicid Fighter)            Turns: 8987, Time: 00:09:18

Health: 0/89       AC: 18    Str: 31    XL:     11   Next: 68%
Magic:  11/11      EV:  4    Int:  7    God:    Gozag
Gold:   857        SH:  0    Dex: 10    Spells: 0 memorised, 10 levels left

rFire  . . .     SeeInvis +     R - +3 hand axe (elec)
rCold  . . .     Clarity  .     Q - +1 plate armour
rNeg   . . .     SustAb   .     c - +0 shield
rPois  .         Gourm    .     (helmet unavailable)
rElec  .         Spirit   .     y - +0 cloak
rCorr  .         Warding  .     g - +0 pair of gloves
rMut   .         Stasis   +     (no boots)
MR     +....                    (no amulet)
Stlth  ..........               (no ring)
                                u - +6 ring of strength

@: lethally poisoned (0 -> -5), held, somewhat resistant to hostile
enchantments, extremely unstealthy
A: permanent stasis, dig shafts and tunnels, four strong arms, antennae 3
a: Dig, Shaft Self, Potion Petition, Call Merchant, Bribe Branch, Renounce
Religion


You were on level 10 of the Dungeon.
You worshipped Gozag.
Gozag was noncommittal.
You were not hungry.

You visited 1 branch of the dungeon, and saw 10 of its levels.

You collected 2343 gold pieces.
You spent 121 gold pieces at shops.
You paid 1365 gold pieces to Gozag.

Inventory:

Hand weapons
 a - a +0 war axe
 i - a +0 dire flail
 R - a +3 hand axe of electrocution (weapon)
Armour
 c - a +0 shield (worn)
 g - a +0 pair of gloves (worn)
 y - a +0 cloak (worn)
 Q - a +1 plate armour (worn)
 S - a +1 pair of boots of flying
Jewellery
 b - an uncursed ring of wizardry {unknown}
 u - a +6 ring of strength (left hand)
 K - an uncursed ring of fire
Scrolls
 k - 2 scrolls of random uselessness {unknown}
 m - a scroll of noise
 q - a scroll of recharging
 r - a scroll of enchant armour
 s - 4 scrolls of identify
 t - a scroll of remove curse
 x - a scroll of immolation
 L - a scroll of enchant weapon
Potions
 f - a potion of heal wounds {unknown}
 h - a potion of agility {unknown}
 j - 3 potions of brilliance {unknown}
 l - 2 potions of resistance {unknown}
 n - 4 potions of flight {unknown}
 v - a potion of mutation {unknown}
 z - 3 potions of degeneration {unknown}
 A - 3 potions of cancellation {unknown}
 B - a potion of magic {unknown}
 E - 2 potions of lignification {unknown}
 F - a potion of berserk rage {unknown}
 G - 2 potions of might
 M - a potion of haste {unknown}
 N - a potion of poison {unknown}
 O - a potion of ambrosia
Books
 p - a book of Ice

   Spells                             Type                      Level
   a - Ice Form                       Ice/Transmutation            4
   b - Metabolic Englaciation         Hexes/Ice                    5
   c - Ozocubu's Refrigeration        Ice                          6
   d - Bolt of Cold                   Conjuration/Ice              6
   e - Freezing Cloud                 Conjuration/Ice/Air          6
   f - Simulacrum                     Ice/Necromancy               6
 w - a book of Annihilations {highlevel, unknown}

   This book is beyond your current level of understanding.

   Spells                             Type                      Level
   a - Poison Arrow                   Conjuration/Poison           6
   b - Chain Lightning                Conjuration/Air              8
   c - Lehudib's Crystal Spear        Conjuration/Earth            8
   d - Glaciate                       Conjuration/Ice              9
   e - Fire Storm                     Conjuration/Fire             9
 D - a book of Unlife

   Spells                             Type                      Level
   a - Recall                         Summoning/Translocation      3
   b - Animate Dead                   Necromancy                   4
   c - Control Undead                 Necromancy                   4
   d - Cigotuvi's Embrace             Necromancy                   5
   e - Death Channel                  Necromancy                   6
   f - Simulacrum                     Ice/Necromancy               6
 P - a book of Fire

   Spells                             Type                      Level
   a - Ignite Poison                  Fire/Transmutation/Poison    3
   b - Fireball                       Conjuration/Fire             5
   c - Bolt of Fire                   Conjuration/Fire             6
   d - Delayed Fireball               Conjuration/Fire             7
   e - Ring of Flames                 Charms/Fire                  7
Comestibles
 e - 6 bread rations
 o - 7 meat rations
 H - 5 fruits


   Skills:
 + Level 9.0 Fighting
 * Level 11.1 Axes
 + Level 9.4 Armour
 + Level 10.2 Shields


You had 10 spell levels left.
You didn't know any spells.

Dungeon Overview and Level Annotations

Branches:
Dungeon (10/15)            Temple (0/1) D:6            Lair (0/8) D:9
    Orc: D:9-12

Altars:
Cheibriados
Dithmenos
Fedhas
Gozag
Kikubaaqudgha
Makhleb
Okawaru
Zin

Shops:
D:6 %   D:7 [   D:11 [

Annotations:
D:10 Harold


Innate Abilities, Weirdness & Mutations

You are under a permanent stasis effect.
You can dig through walls and to a lower floor.
Your four strong arms can wield two-handed weapons with a shield.
You have a pair of large antennae on your head (SInv).


Message History

Harold blinks!
You take 1 damage, and have 49/89 hp.
You feel sick.
There are no objects that can be picked up here. a throwing net You take 1 damage, and have 48/89 hp.
You feel sick.
You feel sick. Harold gestures at you while chanting.
The bolt of fire hits you!
* * * LOW HITPOINT WARNING * * *
You take 22 damage, and have 26/89 hp.
MASSIVE DAMAGE!!
You feel sick.
Harold points at you and mumbles some strange words.
The bolt of fire hits you!
* * * LOW HITPOINT WARNING * * *
You take 25 damage, and have 1/89 hp.
MASSIVE DAMAGE!!
You slice into the net.
You die...
Your body crumbles into a pile of gold.

# # .##################
...................
...................
######...######### #...#
############...#
..$....@.@((...# ######
........$...............
...#####################
# # # # # #
#############


You could see Harold.

Vanquished Creatures
  Pikel (D:4)
  Joseph (D:7)
  Psyche (D:9)
  A fire drake (D:9)
  A two-headed ogre (D:8)
  The ghost of Ontamu the Insei, an average OpTm (D:5)
  Sigmund (D:4)
  A wyvern (D:10)
  Eustachio (D:4)
  5 yaks (D:9)
  A steam dragon (D:7)
  4 water moccasins
  2 insubstantial wisps (D:7)
  3 sky beasts (D:7)
  A phantom (D:4)
  2 black bears
  3 ice beasts (D:9)
  4 orc warriors
  5 ogres
  6 centaurs
  14 big kobolds (D:8)
  A crocodile (D:9)
  6 giant frogs
  2 scorpions
  3 killer bees (D:9)
  10 wights
  A centaur zombie (D:9)
  6 crimson imps
  2 jellies
  2 giant frog skeletons
  3 centaur skeletons
  6 orc priests
  5 hounds
  4 orc wizards
  5 iguanas
  3 worker ants
  Robin (D:2)
  12 adders
  3 worker ant zombies
  A shadow imp (D:9)
  2 adder zombies
  A worm (D:4)
  35 orcs
  A ball python (D:1)
  18 bats
  2 bat skeletons
  7 giant cockroaches
  21 hobgoblins
  3 jackals (D:3)
  29 kobolds
  3 quokkas
  A ball python skeleton (D:4)
  4 giant geckos
  A giant gecko skeleton (D:4)
  A giant gecko zombie (D:6)
  6 giant newts
  25 goblins
  A quokka skeleton (D:6)
  14 rats
310 creatures vanquished.

Vanquished Creatures (others)
  The ghost of quik the Archer, an average CeHu of Zin (D:4)
  A slave (D:4)
  A hound (D:4)
  An orc wizard (D:4)
  A worm (D:4)
  An orc (D:4)
  A hobgoblin (D:4)
  A kobold (D:7)
  A bat (D:4)
9 creatures vanquished.

Grand Total: 319 creatures vanquished

Notes
Turn   | Place    | Note
--------------------------------------------------------------
     0 | D:1      | hornqvist the Formicid Fighter began the quest for the Orb.
     0 | D:1      | Reached XP level 1. HP: 18/18 MP: 1/1
   147 | D:1      | Reached XP level 2. HP: 24/24 MP: 2/2
   580 | D:1      | Reached skill level 4 in Shields
   731 | D:2      | Reached XP level 3. HP: 26/29 MP: 3/3
   804 | D:2      | Noticed Robin
   819 | D:2      | Killed Robin
   873 | D:2      | Reached XP level 4. HP: 14/37 MP: 4/4
  1707 | D:3      | Found a burning altar of Makhleb.
  1711 | D:3      | Found a glowing silver altar of Zin.
  1711 | D:3      | Noticed a balrug
  1711 | D:3      | Noticed an angel
  1789 | D:3      | Found an iron altar of Okawaru.
  1797 | D:3      | Reached XP level 5. HP: 37/42 MP: 5/5
  1877 | D:3      | Found a snail-covered altar of Cheibriados.
  1887 | D:3      | Found an opulent altar of Gozag.
  2042 | D:3      | Became a worshipper of Gozag Ym Sagoz the Greedy
  2511 | D:4      | Noticed Sigmund
  2520 | D:4      | Killed Sigmund
  2520 | D:4      | Reached skill level 5 in Shields
  2520 | D:4      | Reached XP level 6. HP: 31/49 MP: 6/6
  2659 | D:4      | Noticed Eustachio
  2731 | D:4      | Reached XP level 7. HP: 39/55 MP: 7/7
  2834 | D:4      | Noticed a slave
  2834 | D:4      | Noticed a slave
  2835 | D:4      | Noticed Pikel
  2836 | D:4      | Noticed a slave
  2842 | D:4      | Noticed a slave
  2851 | D:4      | Killed Pikel
  2851 | D:4      | Reached skill level 5 in Fighting
  2851 | D:4      | Reached skill level 5 in Axes
  2851 | D:4      | Reached skill level 5 in Armour
  2851 | D:4      | Reached skill level 6 in Shields
  2851 | D:4      | Reached XP level 8. HP: 25/62 MP: 8/8
  2859 | D:4      | Killed Eustachio
  3151 | D:4      | Noticed a water moccasin
  3158 | D:4      | Killed a water moccasin
  3202 | D:4      | Killed a freed slave
  3344 | D:4      | Noticed quik's ghost (average CeHu)
  3348 | D:4      | Killed quik's ghost
  3477 | D:4      | Found an opulent altar of Gozag.
  3514 | D:5      | Entered Level 5 of the Dungeon
  3529 | D:5      | Noticed Ontamu's ghost (average OpTm)
  3542 | D:5      | Killed Ontamu's ghost
  3542 | D:5      | Reached skill level 7 in Shields
  3542 | D:5      | Reached XP level 9. HP: 48/69 MP: 9/9
  4407 | D:6      | Found a staircase to the Ecumenical Temple.
  4592 | D:6      | Found Omuo's Food Emporium.
  4914 | D:7      | Reached skill level 8 in Axes
  4948 | D:7      | Reached XP level 10. HP: 14/79 MP: 10/10
  5561 | D:7      | Noticed Joseph
  5579 | D:7      | Killed Joseph
  5579 | D:7      | Reached skill level 9 in Axes
  5793 | D:7      | Found Egoturamn's Antique Armour Boutique.
  5801 | D:7      | Bought a pair of runed boots for 121 gold pieces
  6441 | D:6      | Found a shadowy altar of Dithmenos.
  7547 | D:8      | Reached skill level 10 in Axes
  7547 | D:8      | Reached XP level 11. HP: 84/87 MP: 11/11
  7888 | D:9      | Found a blossoming altar of Fedhas.
  7891 | D:9      | Found an ancient bone altar of Kikubaaqudgha.
  7980 | D:9      | Found a staircase to the Lair.
  8111 | D:9      | Reached skill level 10 in Shields
  8160 | D:9      | Noticed Psyche
  8167 | D:9      | Killed Psyche
  8355 | D:9      | Reached skill level 11 in Axes
  8821 | D:10     | Entered Level 10 of the Dungeon
  8951 | D:10     | Noticed Harold
  8986 | D:10     | HP: 1/89 [Harold/bolt of fire (24)]
  8987 | D:10     | Succumbed to Harold's poison

Vault maps used:
D:1:      noname_arrival_rooms_in_the_neighbourhood
D:2:      uniq_robin
D:3:      grunt_temple_overflow_order_and_chaos_2,
          nicolae_overflow_hidden_temple, first_bread, okawaru_trees_1
D:4:      hangedman_abyss_or_decor_stabs, grunt_gozag_breadcrumbs, uniq_pikel,
          uniq_eustachio, uniq_sigmund
D:5:      corexii_shack_village
D:6:      kennysheep_little_box, minmay_temple_entry_mist, serial_shops,
          nicolae_shop_behind_doors, minivault_11
D:7:      hangedman_misty_isle, uniq_joseph
D:8:      lemuel_ice_spiral_2, special_room
D:9:      forest_paths, grunt_temple_overflow_growth_and_decay,
          minmay_lair_entry_lava, uniq_psyche
D:10:     uniq_urug, uniq_harold

Action                   |  1- 3 |  4- 6 |  7- 9 | 10-12 || total
-------------------------+-------+-------+-------+-------++-------
Melee: War axe           |    91 |   148 |   310 |    21 ||   570
       Hand axe          |       |       |       |   447 ||   447
Invok: Call Merchant     |       |       |     1 |     1 ||     2
       Potion Petition   |       |       |       |     1 ||     1
 Abil: Dig               |       |     1 |       |       ||     1
  Use: Potion            |       |       |     5 |     2 ||     7
       Scroll            |       |       |       |    12 ||    12
 Stab: Distracted        |       |       |     2 |     1 ||     3
       Invisible         |       |       |       |     5 ||     5
  Eat: Chunk             |       |     4 |       |       ||     4
       Pizza             |       |     1 |     1 |     1 ||     3
       Meat ration       |       |       |     1 |       ||     1
       Beef jerky        |       |       |     1 |     1 ||     2
       Fruit             |       |       |       |     9 ||     9
       Bread ration      |       |       |       |     1 ||     1
